Map: Blackpink LE

Players

ShoWTimE

  • Race: Protoss Protoss
  • Spawn Location: 1:00

TYTY (TY) - Winner!

  • Race: Terran Terran
  • Spawn Location: 7:00

Event: IEM Season 12 - Katowice

VOD

Have the link to the VOD?

Description

Time

  • Played on: March 1, 2018, 5:15 a.m.
  • Length: 14:06

All games in this series

Show
View Real Time Build Order
Export as new Build Order

ShoWTimE Protoss 

Build Orders: 1 Gate Expand, Oracle Opening 

Get SALT Encoding   

  12  0:00  Probe  
  13  0:12  Probe  
  14  0:18  Pylon  
  14  0:25  Probe (Chrono Boost)  
  15  0:38  Probe (Chrono Boost), Gateway  
  16  0:43  Probe (Chrono Boost)  
  16  0:46  Assimilator  
  17  0:52  Probe  
  19  1:04  Probe  
  19  1:16  Probe  
  20  1:23  Nexus  
  20  1:33  Cybernetics Core  
  20  1:36  Probe  
  21  1:42  Assimilator  
  21  1:48  Probe  
  21  1:52  Pylon  
  22  2:00  Probe  
  23  2:08  Adept (Chrono Boost)  
  23  2:13  Probe  
  23  2:15  Stargate  
  26  2:24  Warp Gate  
  26  2:25  Probe (Chrono Boost)  
  26  2:27  Adept (Chrono Boost)  
  29  2:35  Probe (Chrono Boost)  
  30  2:43  Probe (Chrono Boost)  
  32  2:44  Probe (Chrono Boost)  
  32  2:46  Adept  
  32  2:49  Probe x2 (Chrono Boost)  
  36  2:59  Oracle (Chrono Boost)  
  36  3:01  Probe x2  
  41  3:06  Pylon  
  41  3:13  Probe x2  
  43  3:25  Probe x2  
  45  3:30  Oracle  
  48  3:35  Gateway  
  48  3:37  Probe  
  48  3:38  Probe, Gateway  
  50  3:57  Nexus  
  50  4:00  Pylon  
  47  4:06  Probe x2  
  52  4:11  Phoenix  
  52  4:15  Pylon  
  51  4:18  Probe x2  
  53  4:27  Stalker  
  53  4:30  Probe x2, Stalker  
  59  4:33  Pylon  
  59  4:34  Stalker  
  61  4:41  Pylon  
  61  4:42  Probe x2, Assimilator  
  61  4:45  Assimilator  
  63  4:52  Stalker  
  63  4:53  Stalker  
  63  4:54  Probe x2  
  69  5:03  Stalker  
  69  5:06  Probe x2  
  73  5:09  Probe  
  72  5:16  Stalker x2  
  72  5:18  Probe x2  
  79  5:21  Probe  
  73  5:30  Probe  
  73  5:33  Stalker  
  73  5:34  Probe  
  73  5:38  Probe  
  73  5:40  Adept  
  72  5:45  Probe  
  73  5:53  Probe, Twilight Council  
  73  5:55  Probe (Chrono Boost), Forge  
  75  5:57  Probe (Chrono Boost), Pylon  
  76  6:05  Probe (Chrono Boost)  
  76  6:07  Probe (Chrono Boost), Robotics Facility  
  76  6:09  Probe (Chrono Boost)  
  79  6:11  Gateway  
  79  6:12  Sentry x2  
  79  6:15  Probe (Chrono Boost)  
  79  6:16  Probe (Chrono Boost)  
  79  6:17  Probe (Chrono Boost)  
  86  6:20  Probe (Chrono Boost)  
  86  6:21  Probe  
  86  6:23  Probe  
  86  6:24  Gateway  
  86  6:25  Gateway  
  89  6:28  Gateway  
  89  6:37  Gateway  
  89  6:41  Sentry  
  89  6:44  Assimilator  
  89  6:46  Assimilator  
  91  6:47  Blink (Chrono Boost)  
  91  6:48  Pylon, Sentry  
  91  6:49  Protoss Ground Weapons Level 1 (Chrono Boost), Stalker  
  95  6:56  Shield Battery  
  95  6:57  Shield Battery  
  95  6:58  Shield Battery  
  95  7:00  Pylon  
  95  7:02  Pylon, Immortal (Chrono Boost)  
  95  7:07  Pylon  
  99  7:12  Stalker x3  
  105  7:29  Stalker x3  
  111  7:30  Stalker  
  113  7:37  Stalker x4  
  113  7:53  Pylon  
  113  7:54  Pylon  
  113  7:55  Stalker x3  
  119  8:00  Pylon  
  119  8:05  Shield Battery  
  119  8:06  Forge  
  119  8:07  Observer (Chrono Boost)  
  120  8:13  Stalker x2  
  120  8:14  Stalker x2  
  120  8:16  Probe x2  
  130  8:20  Warp Prism (Chrono Boost)  
  132  8:28  Stalker x2  
  132  8:32  Charge (Chrono Boost)  
  132  8:33  Pylon  
  136  8:36  Stalker  
  136  8:37  Stalker  
  140  8:47  Protoss Ground Weapons Level 2 (Chrono Boost)  
  140  8:51  Protoss Ground Armor Level 1 (Chrono Boost)  
  140  8:53  Nexus  
  140  8:56  Pylon  
  140  9:07  Robotics Bay  
  140  9:08  Robotics Facility  
  140  9:15  Photon Cannon  
  140  9:16  Observer  
  141  9:18  Zealot x4  
  149  9:27  Pylon, Zealot  
  151  9:33  Pylon  
  151  9:38  Zealot  
  149  9:45  Colossus (Chrono Boost)  
  149  9:49  Pylon  
  149  9:53  Colossus (Chrono Boost)  
  149  9:58  Extended Thermal Lance  
  157  10:04  Zealot x7  
  165  10:09  Zealot  
  161  10:26  Zealot x6  
  161  10:35  Protoss Ground Armor Level 2 (Chrono Boost)  
  142  10:44  Colossus  
  140  10:50  Zealot x3  
  140  10:56  Zealot  
  140  10:57  Zealot  
  95  11:15  Zealot x5  
  97  11:26  Disruptor (Chrono Boost)  
  97  11:27  Templar Archives  
  97  11:29  Protoss Ground Weapons Level 3 (Chrono Boost)  
  98  11:37  Disruptor (Chrono Boost)  
  93  11:47  Stalker x4  
  93  11:52  Sentry x2  
  108  12:02  Disruptor (Chrono Boost)  
  108  12:04  Disruptor (Chrono Boost)  
  111  12:10  Nexus  
  111  12:17  Stalker x2  
  111  12:21  Stalker  
  117  12:25  Stalker  
  119  12:33  Stalker x2  
  123  12:49  Stalker x3  
  128  12:58  Zealot x5  
  97  13:03  Disruptor (Chrono Boost)  
  91  13:14  Disruptor (Chrono Boost)  
  94  13:21  Probe x2  
  94  13:22  Probe x2  
  96  13:33  Probe  
  96  13:34  Probe x3  
  99  13:35  Stalker x3  
  99  13:36  Stalker  
  99  13:39  Stalker  
  91  13:58  Zealot x7  
Show
View Real Time Build Order
Export as new Build Order

TYTY Terran - Winner!

Build Orders: MMM Bio, Cyclone Timing 

Get SALT Encoding   

  12  0:00  SCV  
  13  0:12  SCV  
  14  0:17  Supply Depot  
  14  0:25  SCV  
  15  0:38  SCV  
  15  0:41  Barracks  
  16  0:43  Refinery  
  16  0:50  SCV  
  17  1:03  SCV  
  18  1:15  SCV  
  19  1:27  Marine  
  19  1:29  Orbital Command  
  20  1:39  Command Center  
  20  1:45  Barracks Reactor  
  20  1:50  Supply Depot  
  20  1:54  SCV  
  21  2:05  Factory  
  21  2:07  SCV  
  22  2:13  Refinery  
  22  2:19  SCV  
  22  2:21  Marine x2  
  25  2:32  SCV  
  26  2:39  Marine x2  
  26  2:44  SCV  
  29  2:50  Starport  
  29  2:52  Orbital Command  
  29  2:56  SCV  
  29  2:57  Marine x2  
  32  3:04  Cyclone  
  35  3:08  SCV  
  36  3:14  Marine  
  36  3:17  SCV  
  39  3:20  SCV  
  39  3:23  Supply Depot  
  40  3:29  SCV  
  40  3:32  SCV  
  41  3:36  Cyclone  
  41  3:39  Supply Depot  
  41  3:40  Medivac  
  46  3:45  SCV x2  
  46  3:46  Marine x2  
  50  3:57  SCV x2  
  52  4:04  Marine x2  
  52  4:05  Supply Depot  
  52  4:08  Cyclone  
  52  4:09  SCV x2  
  59  4:12  Viking  
  61  4:18  Supply Depot  
  61  4:21  SCV  
  62  4:27  SCV, Marine x2  
  62  4:29  Supply Depot  
  65  4:33  SCV  
  66  4:39  SCV  
  66  4:42  Factory Tech Lab  
  66  4:43  Starport Tech Lab, Barracks  
  66  4:45  Marine x2, Barracks  
  69  4:46  SCV  
  69  4:51  SCV  
  71  4:53  Supply Depot  
  71  4:58  SCV  
  72  5:02  Marine x2  
  72  5:03  SCV  
  75  5:10  SCV  
  73  5:15  SCV  
  73  5:21  Marine x2  
  73  5:23  SCV, Barracks x2  
  73  5:28  SCV  
  70  5:35  Starport Reactor, SCV, Factory Reactor  
  65  5:40  SCV, Marine x2  
  65  5:41  Stimpack, Marine x2  
  64  5:47  SCV  
  64  5:49  Refinery  
  63  5:50  Bunker  
  63  5:51  Engineering Bay  
  63  5:52  SCV  
  64  5:58  Supply Depot, Marine x2  
  64  5:59  SCV, Marauder x2  
  64  6:00  Refinery  
  69  6:04  SCV  
  70  6:11  SCV  
  70  6:12  Medivac x2  
  70  6:15  Barracks Reactor, Barracks Tech Lab, Widow Mine x2  
  70  6:16  SCV, Marine  
  78  6:21  Marine x2  
  78  6:23  Terran Infantry Weapons Level 1  
  79  6:27  Missile Turret  
  79  6:29  Marine  
  80  6:34  Marine  
  80  6:35  Marine  
  80  6:36  Widow Mine x2  
  80  6:39  Marine x2  
  88  6:42  Medivac  
  90  6:47  Marine  
  90  6:48  Medivac  
  90  6:52  Marine x2  
  95  6:57  Marine  
  95  6:58  Command Center  
  95  7:02  Marine x2  
  95  7:04  Widow Mine  
  95  7:07  Supply Depot  
  101  7:10  Supply Depot  
  101  7:14  Marine  
  102  7:16  Combat Shields  
  102  7:18  Medivac, Concussive Shells  
  102  7:29  Widow Mine, SCV x2, Marine x2, Medivac  
  110  7:32  Marine  
  110  7:36  Marine x2  
  113  7:41  SCV x2  
  112  7:46  Marine, Marauder  
  112  7:47  Widow Mine, Marine, Marauder  
  112  7:50  Marauder  
  112  7:51  Widow Mine  
  117  7:58  Supply Depot, Marine  
  118  8:10  Missile Turret, Marine x2, Medivac  
  118  8:11  Orbital Command  
  122  8:14  Marine, Marauder x2  
  122  8:16  Marauder  
  122  8:17  Terran Infantry Armor Level 1  
  122  8:18  SCV x2  
  137  8:28  Marine x2  
  137  8:29  Marine  
  141  8:36  Marauder  
  141  8:38  Ghost Academy  
  141  8:39  Supply Depot  
  141  8:40  Supply Depot  
  141  8:41  Supply Depot  
  141  8:43  Missile Turret  
  139  8:48  Barracks  
  139  8:51  SCV x3  
  139  8:52  Barracks  
  139  8:54  Engineering Bay, Armory  
  138  9:00  Marine x2  
  138  9:02  Marine x2  
  139  9:05  Liberator x2  
  139  9:08  Ghost x2  
  145  9:10  Ghost  
  145  9:18  Marine x2  
  153  9:27  Marine x2  
  155  9:33  Refinery  
  155  9:34  Refinery  
  155  9:36  Marine x2  
  155  9:38  Barracks Tech Lab  
  156  9:44  Marauder x2  
  156  9:45  Marine x2  
  159  9:48  Terran Infantry Weapons Level 2, Liberator  
  159  9:52  Marine x2  
  161  9:57  Marine  
  161  9:58  Marine, Marauder x2  
  163  10:06  Marine x2  
  163  10:07  Marauder x2  
  172  10:10  Marine  
  173  10:16  Marine x2  
  173  10:19  Supply Depot  
  173  10:20  Supply Depot  
  173  10:21  Supply Depot  
  173  10:22  Marine  
  173  10:24  Marine  
  172  10:29  Marauder  
  172  10:34  Marine x2  
  172  10:35  Marine  
  173  10:36  Terran Infantry Armor Level 2  
  173  10:37  Marauder  
  173  10:40  SCV, Marine  
  173  10:41  SCV, Marine, Marauder x2  
  173  10:42  Marine  
  175  10:47  Starport  
  167  10:50  Marine  
  167  10:51  Viking x2  
  167  10:52  Marine x2  
  167  10:53  Marine  
  153  10:58  Marine x2  
  153  10:59  Marine  
  153  11:00  Marine  
  153  11:03  Marauder  
  143  11:08  Marauder x2  
  143  11:09  Marine  
  143  11:10  Marine  
  143  11:11  Marine  
  129  11:15  Marine  
  129  11:17  Orbital Command  
  124  11:19  Marine  
  124  11:21  Viking x2  
  124  11:24  Marine x2  
  130  11:29  Marine x2  
  129  11:36  Marine, Marauder  
  129  11:37  Marauder  
  132  11:41  Marine x2  
  136  11:47  Marauder  
  136  11:49  Starport Reactor  
  136  11:50  Marine x3  
  139  11:56  Marine x2  
  139  11:58  Marauder  
  139  11:59  Sensor Tower  
  145  12:03  Viking x2  
  145  12:08  Marine, Marauder x3  
  154  12:15  Marine x3  
  154  12:16  Marine x2  
  154  12:20  Marine  
  160  12:25  Marine, Liberator x3  
  160  12:29  Marine x2  
  167  12:32  Marine  
  167  12:33  Viking, Marine x3  
  177  12:51  Marine x2, Liberator  
  154  12:52  SCV x2, Marauder x2  
  154  12:55  Marine x2  
  154  12:56  Marine x2  
  153  13:04  Marauder x2  
  133  13:09  Marine x2  
  133  13:12  Marine x2  
  140  13:13  Refinery x2  
  140  13:20  Marine x4  
  140  13:25  Marine  
  140  13:26  Marauder  
  147  13:27  Marine x2  
  147  13:30  Marine  
  147  13:31  Command Center, Marauder  
  151  13:37  Marine  
  151  13:38  SCV x3, Marine x3  

Tags
 
Add a new tag
Caveats
  • Supply blocks, unpowered buildings, or Contaminate may cause inaccurate times.
  • Supply counts are checked every 10 seconds.